 Dungeon Crawl Stone Soup version 0.25.1-1-g288607f (webtiles) character file.

Game seed: 14421480304152382868

9 auberdahn the Digger (level 2, 0/22 HPs)
             Began as a Ghoul Earth Elementalist on Sept 25, 2020.
             Slain by a rat (2 damage)
             ... on level 1 of the Dungeon.
             The game lasted 00:00:45 (418 turns).

auberdahn the Digger (Ghoul Earth Elementalist)      Turns: 418, Time: 00:00:46

Health: 0/22       AC:  2    Str: 17    XL:     2   Next: 12%
Magic:  0/3        EV: 12    Int: 10    God:
Gold:   0          SH:  0    Dex:  9    Spells: 3/4 levels left

rFire    . . .     SeeInvis .   (no weapon)
rCold    + . .     Gourm    .   (no shield)
rNeg     + + +     Faith    .   c - +0 robe
rPois    ∞         Spirit   .   (no helmet)
rElec    .         Reflect  .   (no cloak)
rCorr    .         Harm     .   (no gloves)
MR       .....                  (no boots)
Stlth    ++........             (no amulet)
HPRegen  0.00/turn              a - +6 ring of strength
MPRegen  0.08/turn              (no ring)

@: very slightly contaminated, rotting
A: rotting body, claws 1, carnivore, cold resistance 1, negative energy
resistance 3, inhibited regeneration, torment resistance, unbreathing
a: no special abilities


You were on level 1 of the Dungeon.
You were not hungry.

You visited 1 branch of the dungeon, and saw 1 of its levels.

Inventory:

Missiles
 b - 25 stones (quivered)
Armour
 c - a +0 robe (worn)
Jewellery
 a - a +6 ring of strength (left claw)
Scrolls
 e - a scroll of blinking {unknown}
 g - a scroll of identify {unknown}
Comestibles
 d - a ration {!d}


   Skills:
 + Level 0.7 Fighting
 - Level 1.7 Dodging
 - Level 2.1 Stealth
 + Level 0.7 Unarmed Combat
 + Level 1.9 Spellcasting
   Level 0.8 Transmutations
 * Level 3.4 Earth Magic


You had 3 spell levels left.
You knew the following spells:

 Your Spells              Type           Power        Failure   Level  Hunger
a - Sandblast             Erth           #.....       8%          1    ##.....

Your spell library contained the following spells:

 Spells                   Type           Power        Failure   Level  Hunger
 Passwall                 Tmut/Erth      #.......     21%         2    ###....
 Stone Arrow              Conj/Erth      #.....       43%         3    ####...
 Petrify                  Tmut/Erth      #.......     78%         4    #####..
 Lee's Rapid Deconstruct  Erth           #.........   91%         5    ######.


Dungeon Overview and Level Annotations

Branches:
Dungeon (1/15)

Altars:


Innate Abilities, Weirdness & Mutations

Your body is rotting away.
You thrive on raw meat.
You are immune to poison.
You have sharp fingernails.
You are carnivorous and can eat meat at any time.
Your flesh is cold resistant. (rC+)
You are immune to negative energy. (rN+++)
You do not regenerate when monsters are visible.
You are immune to unholy pain and torment.
You can survive without breathing.


Message History

The rat is moderately wounded.
The rat bites you.
* * * LOW HITPOINT WARNING * * *
The kobold hits you with a +0 short sword.
* * * LOW HITPOINT WARNING * * *
You barely miss the rat.
The rat is moderately wounded.
The rat bites you.
* * * LOW HITPOINT WARNING * * *
The kobold hits you with a +0 short sword.
* * * LOW HITPOINT WARNING * * *
You scratch the rat but do no damage.
The rat is moderately wounded.
The rat bites you.
* * * LOW HITPOINT WARNING * * *
The kobold barely misses you.
You scratch the rat but do no damage.
The rat is moderately wounded.
The rat bites you.
You die...

###... .. ....# #.# #.#
#...# #.# # ##..##...#
#.# .#.?$.....# #.# ....
#...# #.######## #..
#..†###.#......#
...###K##...........##.#
#.....@..........#.##.#
.......r#.###+#.###..#.#
........#.##....# ##.#.#
...$....#.##....# #.....
........#.##....# ##.###
........#.##....# #.#
....#####.......# #.##
.... ########### #..#
###........######.##


You could see a kobold and a rat.

Vanquished Creatures
  A leopard gecko (D:1)
  A bat (D:1)
  A giant cockroach (D:1)
  3 goblins (D:1)
  A rat (D:1)
7 creatures vanquished.

Notes
Turn   | Place    | Note
-------+----------+-------------------------------------------
     0 | D:1      | auberdahn the Ghoul Earth Elementalist began the quest for
                  | the Orb.
     0 | D:1      | Reached XP level 1. HP: 14/14 MP: 2/2
   209 | D:1      | Reached XP level 2. HP: 8/20 MP: 0/3
   418 | D:1      | Slain by a rat

Illustrated notes

Levels and vault maps discovered:
D:1:      dpeg_arrival_boxes_within_box, layout_basic, minmay_pentomino_p4

Action                   || total
-------------------------++-------
Melee: Unarmed           ||    21
 Cast: Sandblast         ||     5
  Eat: Chunk             ||     4
Armor: Robe              ||     3
Dodge: Dodged            ||    13
